NEW YORK R vs ARIZONA

Created - June-08-21 at 16:24

Goals
1 2 3 T
NEW YORK R 2 1 0 3
ARIZONA 2 0 3 5
Shots
1 2 3 T
NEW YORK R 10 11 12 33
ARIZONA 8 12 10 30

1st period

1. NEW YORK R , Jake DeBrusk 15 (Nico Hischier 16, Mike Matheson 12) at 2:15
2. NEW YORK R , Leon Draisaitl 31 (Artemi Panarin 43, Seth Jones 51) at 11:54 (PP)
3. ARIZONA , Evgeni Malkin 42 (Gabriel Landeskog 39, Henri Jokiharju 26) at 14:13
4. ARIZONA , Bryan Little 17 (Mikael Backlund 34, Zack Kassian 18) at 16:57 (PP)

Penalties :
Evgeni Malkin (ARI) for Tripping (Minor) at 3:33, Evgeni Malkin (ARI) for Hooking (Minor) at 9:57, Zack Kassian (ARI) for High sticking (Minor) at 12:01, Marc-Edouard Vlasic (NYR) for Slashing (Minor) at 16:33

2nd period

5. NEW YORK R , Kailer Yamamoto 3 (Mike Matheson 13, Cam Fowler 17) at 12:47

Penalties :
Nick Holden (ARI) for Tripping (Minor) at 1:56, Mike Matheson (NYR) for Cross-checking (Minor) at 8:57

3rd period

6. ARIZONA , Bryan Little 18 (Evgeni Malkin 49, Gabriel Landeskog 40) at 6:19
7. ARIZONA , Bryan Little 19 (Jay Bouwmeester 29, Mikael Backlund 35) at 9:38 (PP)
8. ARIZONA , Henri Jokiharju 7 (Brad Richardson 11) at 9:58

Penalties :
Jake DeBrusk (NYR) for Hooking (Minor) at 8:50, Kailer Yamamoto (NYR) for Slashing (Minor) at 18:25

Goalie Stats

Craig Anderson (NYR), 25 saves from 30 shots - (0.833), L, 2-3-1, 60:00 minutes
Alexandar Georgiev (ARI), 30 saves from 33 shots - (0.909), W, 13-5-0, 60:00 minutes

Players Stats for NEW YORK R

Player Name              G  A  P  +/- PIM S  H  SB GA TA FO     MP     PP MP  PK MP  
------------------------------------------------------------------------------------
Andrew Cogliano          0  0  0  -1  0   4  0  0  0  0  0/0    18:00   2:04   0:08 
Artemi Panarin           0  1  1   0  0   9  2  1  0  0  0/2    24:24   4:25   3:19 
Bo Horvat                0  0  0  -1  0   2  0  0  0  0  9/20   20:35   3:29   1:18 
Brendan Lemieux          0  0  0   0  0   0  1  0  0  0  0/0     1:40   0:00   0:00 
Brett Pesce              0  0  0   0  0   1  3  2  0  0  0/0    21:00   4:34   1:36 
Cam Fowler               0  1  1   1  0   0  1  0  0  0  0/0    12:47   0:00   0:00 
Colton Parayko           0  0  0  -2  0   1  0  0  0  0  0/0    22:45   3:20   3:09 
Connor Brown             0  0  0   0  0   1  0  0  0  0  1/2    21:05   4:25   0:00 
Gabriel Vilardi          0  0  0   0  0   0  0  0  0  0  0/0     2:11   1:25   0:00 
Jake DeBrusk             1  0  1   0  2   2  2  0  0  0  0/2    13:20   0:00   0:08 
Kailer Yamamoto          1  0  1   0  2   4  0  0  0  0  0/5    14:52   0:00   0:00 
Karl Alzner              0  0  0   0  0   0  0  0  0  0  0/0     3:28   0:00   0:00 
Leon Draisaitl           1  0  1   0  0   3  2  0  0  0  21/37  25:18   4:25   3:19 
Madison Bowey            0  0  0   0  0   0  0  0  0  0  0/0     3:28   0:00   0:00 
Marc-Edouard Vlasic      0  0  0   0  2   1  0  0  0  0  0/0    20:59   4:34   1:36 
Marcus Kruger            0  0  0  -1  0   0  1  0  0  0  0/0    17:52   2:04   0:00 
Mike Matheson            0  2  2   1  2   2  3  0  0  0  0/0    12:46   0:00   0:00 
Nico Hischier            0  1  1   0  0   0  1  0  0  0  7/19   14:31   0:00   1:18 
Sam Steel                0  0  0   0  0   0  0  0  0  0  0/0     1:25   1:25   0:00 
Seth Jones               0  1  1  -2  0   3  2  1  0  0  0/0    22:45   3:20   3:09 

Players Stats for ARIZONA

Player Name              G  A  P  +/- PIM S  H  SB GA TA FO     MP     PP MP  PK MP  
------------------------------------------------------------------------------------
Adrian Kempe             0  0  0   0  0   1  0  0  0  0  0/0    15:56   2:56   0:06 
Brad Richardson          0  1  1   1  0   1  0  0  0  0  1/2     8:36   0:00   3:52 
Bryan Little             3  0  3   0  0   8  1  1  0  0  3/5    21:06   1:49   1:48 
Conor Sheary             0  0  0   0  0   0  0  0  0  0  1/1    12:14   0:00   0:00 
Evgeni Malkin            1  1  2   0  4   6  0  0  0  0  18/29  20:45   2:56   0:22 
Gabriel Landeskog        0  2  2   0  0   1  1  0  0  0  2/4    20:25   2:56   0:00 
Henri Jokiharju          1  1  2   1  0   2  1  1  0  0  0/0    17:23   1:26   1:41 
Jay Bouwmeester          0  1  1   0  0   0  1  1  0  0  0/0    20:21   1:26   2:48 
Jean-Gabriel Pageau      0  0  0   0  0   1  2  0  0  0  8/17   15:04   0:00   2:50 
Joel Eriksson Ek         0  0  0   0  0   0  0  0  0  0  2/4    14:57   0:00   2:43 
Justin Faulk             0  0  0   0  0   0  2  1  0  0  0/0    23:47   3:19   3:07 
Mario Ferraro            0  0  0   0  0   0  0  0  0  0  0/0     0:00   0:00   0:00 
Mikael Backlund          0  2  2   0  0   3  0  0  0  0  10/20  18:08   1:49   3:25 
Nick Holden              0  0  0   1  2   0  1  0  0  0  0/0    17:05   0:00   3:13 
Nick Shore               0  0  0   0  0   0  0  0  0  0  0/0     0:42   0:00   0:42 
Nicolas Aube-Kubel       0  0  0   1  0   0  0  0  0  0  0/0     4:44   0:00   0:00 
Riley Sheahan            0  0  0   1  0   1  0  0  0  0  4/4     4:44   0:00   0:00 
Roman Polak              0  0  0   0  0   0  7  0  0  0  0/0    19:16   0:00   3:32 
Thomas Chabot            0  0  0   0  0   2  1  1  0  0  0/0    22:07   3:19   1:27 
Zack Kassian             0  1  1   0  2   4  2  0  0  0  0/1    14:42   1:49   0:00 

3 Stars

1 - Bryan Little (ARI)
2 - Henri Jokiharju (ARI)
3 - Gabriel Landeskog (ARI)

Power Play

NEW YORK R - 1 on 4 Attempt(s) - 25.00%
ARIZONA - 2 on 4 Attempt(s) - 50.00%

Penalty Kill

NEW YORK R - 2 on 4 Attempt(s) - 50.00% - Score 0 goal in Penalty Kill
ARIZONA - 3 on 4 Attempt(s) - 75.00% - Score 0 goal in Penalty Kill

Team Stat

NEW YORK R - Hits : 18 - Faceoff Wins : 38 - Blocked Shots : 4 - Penalty Minutes : 8
ARIZONA - Hits : 19 - Faceoff Wins : 49 - Blocked Shots : 5 - Penalty Minutes : 8

Official

Referees : Graham Skilliter and Justin St. Pierre
Linesman : Derek Wahl and Neil Campbell

Game Notes

Bryan Little has scored a Hat Trick!

Finance

Level 1 -- Attendance: 5368 (89.47%) -- Ticket Income $467,016
Level 2 -- Attendance: 5000 (100.00%) -- Ticket Income $290,000
Level 3 -- Attendance: 1814 (90.70%) -- Ticket Income $63,490
Level 4 -- Attendance: 4000 (100.00%) -- Ticket Income $80,000
Luxury Box -- Attendance: 978 (97.80%) -- Ticket Income $180,930
Game was played at the Gila River Arena.
Total Attendance: 17160 (95.33%)
Total Ticket Income: $1,081,436
Total Income: $1,081,436

NEW YORK R

5 vs 5 Forward 
   Center                   Left Wing                Right Wing               Time % Phy DF OF 
 1 Leon Draisaitl           Artemi Panarin           Connor Brown             35     1   2  2  
 2 Bo Horvat                Andrew Cogliano          Marcus Kruger            30     1   2  2  
 3 Nico Hischier            Jake DeBrusk             Kailer Yamamoto          25     1   2  2  
 4 Kailer Yamamoto          Brendan Lemieux          Leon Draisaitl           10     1   2  2  

5 vs 5 Defense 
   Defense                  Defense                                           Time % Phy DF OF 
 1 Seth Jones               Colton Parayko                                    35     1   2  2  
 2 Marc-Edouard Vlasic      Brett Pesce                                       30     1   2  2  
 3 Cam Fowler               Mike Matheson                                     25     1   2  2  
 4 Karl Alzner              Madison Bowey                                     10     1   2  2  

PowerPlay Forward 
   Center                   Left Wing                Right Wing               Time % Phy DF OF 
 1 Leon Draisaitl           Artemi Panarin           Connor Brown             60     1   2  2  
 2 Bo Horvat                Andrew Cogliano          Marcus Kruger            40     1   2  2  

PowerPlay Defense
   Defense                  Defense                                           Time % Phy DF OF 
 1 Seth Jones               Colton Parayko                                    60     1   2  2  
 2 Marc-Edouard Vlasic      Brett Pesce                                       40     1   2  2  

Penalty Kill 4 Players Forward 
   Center                   Wing                     Time % Phy DF OF 
 1 Leon Draisaitl           Artemi Panarin           60     1   2  2  
 2 Bo Horvat                Nico Hischier            40     1   2  2  

Penalty Kill 4 Players Defense
   Defense                  Defense                  Time % Phy DF OF 
 1 Seth Jones               Colton Parayko           60     1   2  2  
 2 Marc-Edouard Vlasic      Brett Pesce              40     1   2  2  

Penalty Kill - 3 Players Forward 
   Forward                                           Time % Phy DF OF 
 1 Leon Draisaitl                                    60     1   2  2  
 2 Artemi Panarin                                    40     1   2  2  

Penalty Kill - 3 Players Defense
   Defense                  Defense                  Time % Phy DF OF 
 1 Seth Jones               Colton Parayko           60     1   2  2  
 2 Marc-Edouard Vlasic      Brett Pesce              40     1   2  2  

4 vs 4 Forward 
   Center                   Wing                     Time % Phy DF OF 
 1 Leon Draisaitl           Artemi Panarin           60     1   2  2  
 2 Bo Horvat                Nico Hischier            40     1   2  2  

4 vs 4 Defense
   Defense                  Defense                  Time % Phy DF OF 
 1 Seth Jones               Colton Parayko           60     1   2  2  
 2 Marc-Edouard Vlasic      Brett Pesce              40     1   2  2  

Last Minutes Offensive
   Center                   Left Wing                Right Wing               Defense                  Defense                  
   Leon Draisaitl           Artemi Panarin           Connor Brown             Seth Jones               Colton Parayko           

Last Minutes Defensive
   Center                   Left Wing                Right Wing               Defense                  Defense                  
   Leon Draisaitl           Artemi Panarin           Connor Brown             Seth Jones               Colton Parayko           

Goaltenders
Starting : Craig Anderson           
Backup : Malcolm Subban           

Extra Forwards
Normal : Gabriel Vilardi, Sam Steel, Jake DeBrusk - PP : Gabriel Vilardi, Sam Steel - PK : Jake DeBrusk
Extra Defensemen
Normal : Cam Fowler, Mike Matheson, Karl Alzner - PP : Cam Fowler - PK : Mike Matheson, Karl Alzner
Penalty Shots
Leon Draisaitl, Artemi Panarin, Bo Horvat, Nico Hischier, Connor Brown

Scratches
Frederik Andersen (Suspend)

ARIZONA

5 vs 5 Forward 
   Center                   Left Wing                Right Wing               Time % Phy DF OF 
 1 Evgeni Malkin            Bryan Little             Gabriel Landeskog        40     1   2  2  
 2 Mikael Backlund          Adrian Kempe             Zack Kassian             30     1   2  2  
 3 Jean-Gabriel Pageau      Joel Eriksson Ek         Conor Sheary             25     1   2  2  
 4 Riley Sheahan            Brad Richardson          Nicolas Aube-Kubel       5      1   2  2  

5 vs 5 Defense 
   Defense                  Defense                                           Time % Phy DF OF 
 1 Justin Faulk             Thomas Chabot                                     35     1   2  2  
 2 Jay Bouwmeester          Roman Polak                                       30     1   2  2  
 3 Henri Jokiharju          Nick Holden                                       25     1   2  2  
 4 Justin Faulk             Thomas Chabot                                     10     1   2  2  

PowerPlay Forward 
   Center                   Left Wing                Right Wing               Time % Phy DF OF 
 1 Evgeni Malkin            Gabriel Landeskog        Adrian Kempe             60     1   2  2  
 2 Mikael Backlund          Bryan Little             Zack Kassian             40     1   2  2  

PowerPlay Defense
   Defense                  Defense                                           Time % Phy DF OF 
 1 Justin Faulk             Thomas Chabot                                     60     1   2  2  
 2 Jay Bouwmeester          Henri Jokiharju                                   40     1   2  2  

Penalty Kill 4 Players Forward 
   Center                   Wing                     Time % Phy DF OF 
 1 Jean-Gabriel Pageau      Brad Richardson          60     1   2  2  
 2 Mikael Backlund          Joel Eriksson Ek         40     1   2  2  

Penalty Kill 4 Players Defense
   Defense                  Defense                  Time % Phy DF OF 
 1 Justin Faulk             Jay Bouwmeester          60     1   2  2  
 2 Nick Holden              Roman Polak              40     1   2  2  

Penalty Kill - 3 Players Forward 
   Forward                                           Time % Phy DF OF 
 1 Jean-Gabriel Pageau                               60     1   2  2  
 2 Riley Sheahan                                     40     1   2  2  

Penalty Kill - 3 Players Defense
   Defense                  Defense                  Time % Phy DF OF 
 1 Justin Faulk             Roman Polak              60     1   2  2  
 2 Jay Bouwmeester          Nick Holden              40     1   2  2  

4 vs 4 Forward 
   Center                   Wing                     Time % Phy DF OF 
 1 Evgeni Malkin            Gabriel Landeskog        60     1   2  2  
 2 Mikael Backlund          Jean-Gabriel Pageau      40     1   2  2  

4 vs 4 Defense
   Defense                  Defense                  Time % Phy DF OF 
 1 Justin Faulk             Thomas Chabot            60     1   2  2  
 2 Jay Bouwmeester          Roman Polak              40     1   2  2  

Last Minutes Offensive
   Center                   Left Wing                Right Wing               Defense                  Defense                  
   Evgeni Malkin            Gabriel Landeskog        Adrian Kempe             Justin Faulk             Thomas Chabot            

Last Minutes Defensive
   Center                   Left Wing                Right Wing               Defense                  Defense                  
   Jean-Gabriel Pageau      Brad Richardson          Gabriel Landeskog        Justin Faulk             Jay Bouwmeester          

Goaltenders
Starting : Alexandar Georgiev       
Backup : Corey Crawford           

Extra Forwards
Normal : Zack Kassian, Joel Eriksson Ek, Brad Richardson - PP : Jean-Gabriel Pageau, Conor Sheary - PK : Brad Richardson
Extra Defensemen
Normal : Roman Polak, Nick Holden, Henri Jokiharju - PP : Henri Jokiharju - PK : Roman Polak, Nick Holden
Penalty Shots
Evgeni Malkin, Gabriel Landeskog, Mikael Backlund, Jean-Gabriel Pageau, Bryan Little

Scratches
ARI Cap Hit (Suspend), Jacob Larsson (Healthy)

% Time on Ice - NEW YORK R

Lines # - Real PCT - Wanted PCT - Time Play
Normal Forward
1 - 35% - 35% - 16:40
2 - 33% - 30% - 15:48
3 - 28% - 25% - 13:13
4 - 4% - 10% - 1:40
Normal Defense
1 - 34% - 35% - 16:16
2 - 31% - 30% - 14:50
3 - 27% - 25% - 12:47
4 - 7% - 10% - 3:28
PP Forward
1 - 56% - 60% - 4:25
2 - 44% - 40% - 3:29
PP Defense
1 - 42% - 60% - 3:20
2 - 58% - 40% - 4:34
PK Forward
1 - 73% - 60% - 3:27
2 - 27% - 40% - 1:18
PK Defense
1 - 66% - 60% - 3:09
2 - 34% - 40% - 1:36
PK3 Forward
1 - 0% - 60%
2 - 0% - 40%
PK3 Defense
1 - 0% - 60%
2 - 0% - 40%
44 Forward
1 - 0% - 60%
2 - 0% - 40%
44 Defense
1 - 0% - 60%
2 - 0% - 40%
Last Minute Offensive  - 0:00
Last Minute Defensive  - 0:00
Total
Forward - 60:00
Defense - 60:00

% Time on Ice - ARIZONA

Lines # - Real PCT - Wanted PCT - Time Play
Normal Forward
1 - 37% - 40% - 17:29
2 - 27% - 30% - 12:54
3 - 26% - 25% - 12:14
4 - 10% - 5% - 4:44
Normal Defense
1 - 33% - 35% - 15:35
2 - 34% - 30% - 16:07
3 - 29% - 25% - 13:53
4 - 4% - 10% - 1:46
PP Forward
1 - 62% - 60% - 2:56
2 - 38% - 40% - 1:49
PP Defense
1 - 70% - 60% - 3:19
2 - 30% - 40% - 1:26
PK Forward
1 - 66% - 60% - 5:11
2 - 34% - 40% - 2:43
PK Defense
1 - 51% - 60% - 4:04
2 - 49% - 40% - 3:50
PK3 Forward
1 - 0% - 60%
2 - 0% - 40%
PK3 Defense
1 - 0% - 60%
2 - 0% - 40%
44 Forward
1 - 0% - 60%
2 - 0% - 40%
44 Defense
1 - 0% - 60%
2 - 0% - 40%
Last Minute Offensive  - 0:00
Last Minute Defensive  - 0:00
Total
Forward - 60:00
Defense - 60:00

Play-by-Play

1st period


0:01 of 1st period - Evgeni Malkin wins face-off versus Leon Draisaitl in neutral zone.
0:03 of 1st period - Off-side.
0:04 of 1st period - Mikael Backlund wins face-off versus Bo Horvat in neutral zone.
0:23 of 1st period - Shot by Mikael Backlund.
0:23 of 1st period - Shot Misses the Net.
1:03 of 1st period - Shot by Artemi Panarin.
1:03 of 1st period - Shot Misses the Net.
2:15 of 1st period - Shot by Nico Hischier.
2:15 of 1st period - Deflect By Jake DeBrusk.
2:15 of 1st period - Goal by Jake DeBrusk - NEW YORK R : 1 - ARIZONA : 0.
2:16 of 1st period - Joel Eriksson Ek wins face-off versus Bo Horvat in neutral zone.
2:33 of 1st period - Marcus Kruger is hit by Jean-Gabriel Pageau.
3:14 of 1st period - Icing by Henri Jokiharju.
3:15 of 1st period - Nico Hischier wins face-off versus Joel Eriksson Ek in ARIZONA zone.
3:33 of 1st period - Minor Penalty to Evgeni Malkin for Tripping.
3:34 of 1st period - Bryan Little wins face-off versus Leon Draisaitl in ARIZONA zone.
3:34 of 1st period - Bryan Little is hit by Artemi Panarin.
3:46 of 1st period - Shot by Artemi Panarin.
3:46 of 1st period - Stopped by Alexandar Georgiev with a rebound.
3:48 of 1st period - Shot by Seth Jones.
3:48 of 1st period - Stopped by Alexandar Georgiev without a rebound.
3:49 of 1st period - Leon Draisaitl wins face-off versus Jean-Gabriel Pageau in ARIZONA zone.
5:06 of 1st period - Shot by Colton Parayko.
5:06 of 1st period - Shot Misses the Net.
5:08 of 1st period - Shot by Seth Jones.
5:08 of 1st period - Shot Misses the Net.
5:10 of 1st period - Shot by Bo Horvat.
5:10 of 1st period - Stopped by Alexandar Georgiev with a rebound.
5:36 of 1st period - Shot by Jake DeBrusk.
5:36 of 1st period - Deflect By Kailer Yamamoto.
5:36 of 1st period - Shot Misses the Net.
5:38 of 1st period - Shot by Mike Matheson.
5:38 of 1st period - Shot Blocked by Bryan Little.
5:57 of 1st period - Shot by Nico Hischier.
5:57 of 1st period - Deflect By Kailer Yamamoto.
5:57 of 1st period - Stopped by Alexandar Georgiev without a rebound.
5:58 of 1st period - Riley Sheahan wins face-off versus Kailer Yamamoto in ARIZONA zone.
6:07 of 1st period - Shot by Brad Richardson.
6:07 of 1st period - Stopped by Craig Anderson without a rebound.
6:08 of 1st period - Nico Hischier wins face-off versus Evgeni Malkin in NEW YORK R zone.
6:36 of 1st period - Evgeni Malkin is hit by Jake DeBrusk and loses puck.
7:12 of 1st period - Icing by Colton Parayko.
7:13 of 1st period - Mikael Backlund wins face-off versus Nico Hischier in NEW YORK R zone.
7:18 of 1st period - Shot by Zack Kassian.
7:18 of 1st period - Stopped by Craig Anderson without a rebound.
7:19 of 1st period - Riley Sheahan wins face-off versus Leon Draisaitl in NEW YORK R zone.
7:36 of 1st period - Shot by Leon Draisaitl.
7:36 of 1st period - Stopped by Alexandar Georgiev without a rebound.
7:37 of 1st period - Evgeni Malkin wins face-off versus Bo Horvat in ARIZONA zone.
7:50 of 1st period - Shot by Gabriel Landeskog.
7:50 of 1st period - Stopped by Craig Anderson without a rebound.
7:51 of 1st period - Leon Draisaitl wins face-off versus Jean-Gabriel Pageau in NEW YORK R zone.
8:08 of 1st period - Shot by Marc-Edouard Vlasic.
8:08 of 1st period - Shot Misses the Net.
8:16 of 1st period - Shot by Leon Draisaitl.
8:16 of 1st period - Shot Misses the Net.
9:32 of 1st period - Icing by Roman Polak.
9:33 of 1st period - Nico Hischier wins face-off versus Jean-Gabriel Pageau in ARIZONA zone.
9:48 of 1st period - Shot by Jake DeBrusk.
9:48 of 1st period - Stopped by Alexandar Georgiev without a rebound.
9:49 of 1st period - Evgeni Malkin wins face-off versus Artemi Panarin in ARIZONA zone.
9:57 of 1st period - Minor Penalty to Evgeni Malkin for Hooking.
9:58 of 1st period - Leon Draisaitl wins face-off versus Bryan Little in ARIZONA zone.
10:59 of 1st period - Shot by Thomas Chabot.
10:59 of 1st period - Shot Misses the Net.
11:12 of 1st period - Bo Horvat is hit by Henri Jokiharju and loses puck.
11:47 of 1st period - Roman Polak is hit by Leon Draisaitl and loses puck.
11:54 of 1st period - Shot by Leon Draisaitl.
11:54 of 1st period - Goal by Leon Draisaitl - NEW YORK R : 2 - ARIZONA : 0.
11:55 of 1st period - Mikael Backlund wins face-off versus Nico Hischier in neutral zone.
12:01 of 1st period - Minor Penalty to Zack Kassian for High sticking.
12:02 of 1st period - Bo Horvat wins face-off versus Jean-Gabriel Pageau in ARIZONA zone.
13:19 of 1st period - Shot by Bo Horvat.
13:19 of 1st period - Shot Misses the Net.
13:38 of 1st period - Icing by Marc-Edouard Vlasic.
13:39 of 1st period - Jean-Gabriel Pageau wins face-off versus Bo Horvat in NEW YORK R zone.
14:05 of 1st period - Off-side.
14:06 of 1st period - Evgeni Malkin wins face-off versus Kailer Yamamoto in neutral zone.
14:13 of 1st period - Shot by Evgeni Malkin.
14:13 of 1st period - Goal by Evgeni Malkin - NEW YORK R : 2 - ARIZONA : 1.
14:14 of 1st period - Leon Draisaitl wins face-off versus Evgeni Malkin in neutral zone.
14:28 of 1st period - Artemi Panarin is hit by Thomas Chabot and loses puck.
14:43 of 1st period - Shot by Evgeni Malkin.
14:43 of 1st period - Shot Blocked by Seth Jones.
14:47 of 1st period - Shot by Bryan Little.
14:47 of 1st period - Stopped by Craig Anderson without a rebound.
14:48 of 1st period - Nico Hischier wins face-off versus Mikael Backlund in NEW YORK R zone.
15:42 of 1st period - Kailer Yamamoto is hit by Roman Polak.
15:53 of 1st period - Joel Eriksson Ek is hit by Brett Pesce and loses puck.
16:08 of 1st period - Jean-Gabriel Pageau is hit by Brett Pesce and loses puck.
16:14 of 1st period - Jean-Gabriel Pageau is hit by Brett Pesce and loses puck.
16:17 of 1st period - Shot by Jean-Gabriel Pageau.
16:17 of 1st period - Shot Misses the Net.
16:33 of 1st period - Minor Penalty to Marc-Edouard Vlasic for Slashing.
16:34 of 1st period - Evgeni Malkin wins face-off versus Leon Draisaitl in NEW YORK R zone.
16:39 of 1st period - Shot by Thomas Chabot.
16:39 of 1st period - Stopped by Craig Anderson with a rebound.
16:41 of 1st period - Shot by Evgeni Malkin.
16:41 of 1st period - Shot Misses the Net.
16:45 of 1st period - Shot by Justin Faulk.
16:45 of 1st period - Shot Misses the Net.
16:47 of 1st period - Shot by Evgeni Malkin.
16:47 of 1st period - Stopped by Craig Anderson without a rebound.
16:48 of 1st period - Mikael Backlund wins face-off versus Leon Draisaitl in NEW YORK R zone.
16:53 of 1st period - Shot by Zack Kassian.
16:53 of 1st period - Deflect By Mikael Backlund.
16:53 of 1st period - Shot Misses the Net.
16:55 of 1st period - Shot by Zack Kassian.
16:55 of 1st period - Deflect By Mikael Backlund.
16:55 of 1st period - Shot Misses the Net.
16:57 of 1st period - Shot by Bryan Little.
16:57 of 1st period - Goal by Bryan Little - NEW YORK R : 2 - ARIZONA : 2.
16:58 of 1st period - Gabriel Landeskog wins face-off versus Bo Horvat in neutral zone.
17:23 of 1st period - Shot by Andrew Cogliano.
17:23 of 1st period - Shot Blocked by Henri Jokiharju.
18:01 of 1st period - Shot by Jake DeBrusk.
18:01 of 1st period - Shot Misses the Net.
18:03 of 1st period - Shot by Seth Jones.
18:03 of 1st period - Stopped by Alexandar Georgiev with a rebound.
18:33 of 1st period - Icing by Mikael Backlund.
18:34 of 1st period - Leon Draisaitl wins face-off versus Mikael Backlund in ARIZONA zone.
18:55 of 1st period - Shot by Artemi Panarin.
18:55 of 1st period - Stopped by Alexandar Georgiev with a rebound.
18:57 of 1st period - Shot by Brett Pesce.
18:57 of 1st period - Shot Blocked by Thomas Chabot.
19:16 of 1st period - Icing by Brett Pesce.
19:17 of 1st period - Leon Draisaitl wins face-off versus Jean-Gabriel Pageau in NEW YORK R zone.
19:32 of 1st period - Brett Pesce is hit by Jean-Gabriel Pageau and loses puck.
19:40 of 1st period - Marc-Edouard Vlasic is hit by Roman Polak and loses puck.
Goals for this period are 2 for NEW YORK R vs 2 for ARIZONA.
Shots for this period are 10 for NEW YORK R vs 8 for ARIZONA.

2nd period


0:01 of 2nd period - Bo Horvat wins face-off versus Evgeni Malkin in neutral zone.
0:06 of 2nd period - Icing by Evgeni Malkin.
0:07 of 2nd period - Evgeni Malkin wins face-off versus Bo Horvat in ARIZONA zone.
0:15 of 2nd period - Thomas Chabot is hit by Seth Jones and loses puck.
0:24 of 2nd period - Shot by Bryan Little.
0:24 of 2nd period - Shot Misses the Net.
0:26 of 2nd period - Shot by Evgeni Malkin.
0:26 of 2nd period - Stopped by Craig Anderson with a rebound.
0:28 of 2nd period - Shot by Evgeni Malkin.
0:28 of 2nd period - Stopped by Craig Anderson without a rebound.
0:29 of 2nd period - Leon Draisaitl wins face-off versus Mikael Backlund in NEW YORK R zone.
0:44 of 2nd period - Shot by Leon Draisaitl.
0:44 of 2nd period - Shot Misses the Net.
0:46 of 2nd period - Shot by Brett Pesce.
0:46 of 2nd period - Stopped by Alexandar Georgiev without a rebound.
0:47 of 2nd period - Evgeni Malkin wins face-off versus Bo Horvat in ARIZONA zone.
1:19 of 2nd period - Evgeni Malkin is hit by Marcus Kruger and loses puck.
1:56 of 2nd period - Minor Penalty to Nick Holden for Tripping.
1:57 of 2nd period - Jean-Gabriel Pageau wins face-off versus Leon Draisaitl in ARIZONA zone.
3:26 of 2nd period - Shot by Marc-Edouard Vlasic.
3:26 of 2nd period - Stopped by Alexandar Georgiev without a rebound.
3:27 of 2nd period - Leon Draisaitl wins face-off versus Brad Richardson in ARIZONA zone.
3:27 of 2nd period - Brett Pesce is hit by Justin Faulk and loses puck.
4:08 of 2nd period - Off-side.
4:09 of 2nd period - Mikael Backlund wins face-off versus Nico Hischier in neutral zone.
4:30 of 2nd period - Shot by Kailer Yamamoto.
4:30 of 2nd period - Stopped by Alexandar Georgiev without a rebound.
4:31 of 2nd period - Bo Horvat wins face-off versus Evgeni Malkin in ARIZONA zone.
4:32 of 2nd period - Shot by Mike Matheson.
4:32 of 2nd period - Stopped by Alexandar Georgiev without a rebound.
4:33 of 2nd period - Bo Horvat wins face-off versus Evgeni Malkin in ARIZONA zone.
5:42 of 2nd period - Shot by Zack Kassian.
5:42 of 2nd period - Shot Blocked by Brett Pesce.
5:44 of 2nd period - Shot by Roman Polak.
5:44 of 2nd period - Shot Misses the Net.
6:06 of 2nd period - Shot by Zack Kassian.
6:06 of 2nd period - Shot Misses the Net.
6:08 of 2nd period - Shot by Mikael Backlund.
6:08 of 2nd period - Stopped by Craig Anderson without a rebound.
6:09 of 2nd period - Conor Sheary wins face-off versus Nico Hischier in NEW YORK R zone.
6:24 of 2nd period - Jean-Gabriel Pageau is hit by Mike Matheson and loses puck.
6:36 of 2nd period - Joel Eriksson Ek is hit by Mike Matheson.
7:28 of 2nd period - Shot by Evgeni Malkin.
7:28 of 2nd period - Deflect By Bryan Little.
7:28 of 2nd period - Shot Misses the Net.
7:30 of 2nd period - Shot by Evgeni Malkin.
7:30 of 2nd period - Stopped by Craig Anderson without a rebound.
7:31 of 2nd period - Leon Draisaitl wins face-off versus Zack Kassian in NEW YORK R zone.
7:42 of 2nd period - Shot by Mikael Backlund.
7:42 of 2nd period - Deflect By Zack Kassian.
7:42 of 2nd period - Stopped by Craig Anderson without a rebound.
7:43 of 2nd period - Leon Draisaitl wins face-off versus Evgeni Malkin in NEW YORK R zone.
8:02 of 2nd period - Off-side.
8:03 of 2nd period - Bo Horvat wins face-off versus Mikael Backlund in neutral zone.
8:14 of 2nd period - Shot by Andrew Cogliano.
8:14 of 2nd period - Shot Misses the Net.
8:16 of 2nd period - Shot by Andrew Cogliano.
8:16 of 2nd period - Stopped by Alexandar Georgiev without a rebound.
8:17 of 2nd period - Evgeni Malkin wins face-off versus Leon Draisaitl in ARIZONA zone.
8:22 of 2nd period - Shot by Evgeni Malkin.
8:22 of 2nd period - Shot Blocked by Artemi Panarin.
8:31 of 2nd period - Bryan Little is hit by Cam Fowler and loses puck.
8:57 of 2nd period - Minor Penalty to Mike Matheson for Cross-checking.
8:58 of 2nd period - Leon Draisaitl wins face-off versus Mikael Backlund in NEW YORK R zone.
8:58 of 2nd period - Leon Draisaitl is hit by Zack Kassian.
9:10 of 2nd period - Shot by Thomas Chabot.
9:10 of 2nd period - Stopped by Craig Anderson without a rebound.
9:11 of 2nd period - Gabriel Landeskog wins face-off versus Leon Draisaitl in NEW YORK R zone.
9:42 of 2nd period - Shot by Thomas Chabot.
9:42 of 2nd period - Shot Blocked by Brett Pesce.
10:12 of 2nd period - Shot by Henri Jokiharju.
10:12 of 2nd period - Stopped by Craig Anderson without a rebound.
10:13 of 2nd period - Leon Draisaitl wins face-off versus Bryan Little in NEW YORK R zone.
10:22 of 2nd period - Bo Horvat is hit by Zack Kassian and loses puck.
10:29 of 2nd period - Shot by Mikael Backlund.
10:29 of 2nd period - Shot Misses the Net.
10:31 of 2nd period - Shot by Mikael Backlund.
10:31 of 2nd period - Stopped by Craig Anderson without a rebound.
10:32 of 2nd period - Leon Draisaitl wins face-off versus Evgeni Malkin in NEW YORK R zone.
11:04 of 2nd period - Shot by Conor Sheary.
11:04 of 2nd period - Shot Misses the Net.
11:18 of 2nd period - Roman Polak is hit by Nico Hischier and loses puck.
11:26 of 2nd period - Shot by Kailer Yamamoto.
11:26 of 2nd period - Shot Misses the Net.
11:28 of 2nd period - Shot by Karl Alzner.
11:28 of 2nd period - Shot Blocked by Jay Bouwmeester.
12:11 of 2nd period - Shot by Riley Sheahan.
12:11 of 2nd period - Stopped by Craig Anderson without a rebound.
12:12 of 2nd period - Connor Brown wins face-off versus Mikael Backlund in NEW YORK R zone.
12:23 of 2nd period - Shot by Artemi Panarin.
12:23 of 2nd period - Deflect By Leon Draisaitl.
12:23 of 2nd period - Shot Misses the Net.
12:25 of 2nd period - Shot by Seth Jones.
12:25 of 2nd period - Stopped by Alexandar Georgiev without a rebound.
12:26 of 2nd period - Evgeni Malkin wins face-off versus Kailer Yamamoto in ARIZONA zone.
12:47 of 2nd period - Shot by Kailer Yamamoto.
12:47 of 2nd period - Goal by Kailer Yamamoto - NEW YORK R : 3 - ARIZONA : 2.
12:48 of 2nd period - Mikael Backlund wins face-off versus Bo Horvat in neutral zone.
13:09 of 2nd period - Shot by Andrew Cogliano.
13:09 of 2nd period - Stopped by Alexandar Georgiev with a rebound.
13:11 of 2nd period - Shot by Colton Parayko.
13:11 of 2nd period - Stopped by Alexandar Georgiev without a rebound.
13:12 of 2nd period - Leon Draisaitl wins face-off versus Gabriel Landeskog in ARIZONA zone.
13:39 of 2nd period - Shot by Artemi Panarin.
13:39 of 2nd period - Shot Misses the Net.
14:00 of 2nd period - Bryan Little is hit by Leon Draisaitl and loses puck.
14:25 of 2nd period - Icing by Marc-Edouard Vlasic.
14:26 of 2nd period - Jean-Gabriel Pageau wins face-off versus Leon Draisaitl in NEW YORK R zone.
15:27 of 2nd period - Shot by Andrew Cogliano.
15:27 of 2nd period - Stopped by Alexandar Georgiev without a rebound.
15:28 of 2nd period - Mikael Backlund wins face-off versus Jake DeBrusk in ARIZONA zone.
15:32 of 2nd period - Off-side.
15:33 of 2nd period - Evgeni Malkin wins face-off versus Nico Hischier in neutral zone.
15:59 of 2nd period - Jake DeBrusk is hit by Gabriel Landeskog and loses puck.
17:03 of 2nd period - Shot by Mikael Backlund.
17:03 of 2nd period - Shot Misses the Net.
17:05 of 2nd period - Shot by Henri Jokiharju.
17:05 of 2nd period - Shot Misses the Net.
17:07 of 2nd period - Shot by Mikael Backlund.
17:07 of 2nd period - Stopped by Craig Anderson without a rebound.
17:08 of 2nd period - Leon Draisaitl wins face-off versus Jean-Gabriel Pageau in NEW YORK R zone.
17:17 of 2nd period - Shot by Artemi Panarin.
17:17 of 2nd period - Stopped by Alexandar Georgiev without a rebound.
17:18 of 2nd period - Riley Sheahan wins face-off versus Kailer Yamamoto in ARIZONA zone.
17:18 of 2nd period - Riley Sheahan is hit by Brendan Lemieux.
17:27 of 2nd period - Roman Polak is hit by Mike Matheson and loses puck.
17:35 of 2nd period - Cam Fowler is hit by Jay Bouwmeester.
17:42 of 2nd period - Kailer Yamamoto is hit by Roman Polak and loses puck.
18:18 of 2nd period - Artemi Panarin is hit by Roman Polak and loses puck.
19:25 of 2nd period - Shot by Bo Horvat.
19:25 of 2nd period - Shot Misses the Net.
19:30 of 2nd period - Riley Sheahan is hit by Seth Jones and loses puck.
19:41 of 2nd period - Shot by Bryan Little.
19:41 of 2nd period - Stopped by Craig Anderson without a rebound.
19:42 of 2nd period - Bryan Little wins face-off versus Nico Hischier in NEW YORK R zone.
19:52 of 2nd period - Shot by Bryan Little.
19:52 of 2nd period - Stopped by Craig Anderson without a rebound.
19:53 of 2nd period - Mikael Backlund wins face-off versus Artemi Panarin in NEW YORK R zone.
19:58 of 2nd period - Shot by Zack Kassian.
19:58 of 2nd period - Shot Misses the Net.
Goals for this period are 1 for NEW YORK R vs 0 for ARIZONA.
Shots for this period are 11 for NEW YORK R vs 12 for ARIZONA.

3rd period


0:01 of 3rd period - Leon Draisaitl wins face-off versus Evgeni Malkin in neutral zone.
0:01 of 3rd period - Seth Jones is hit by Bryan Little and loses puck.
0:16 of 3rd period - Shot by Artemi Panarin.
0:16 of 3rd period - Stopped by Alexandar Georgiev without a rebound.
0:17 of 3rd period - Bo Horvat wins face-off versus Mikael Backlund in ARIZONA zone.
0:22 of 3rd period - Shot by Andrew Cogliano.
0:22 of 3rd period - Stopped by Alexandar Georgiev without a rebound.
0:23 of 3rd period - Leon Draisaitl wins face-off versus Evgeni Malkin in ARIZONA zone.
0:28 of 3rd period - Shot by Leon Draisaitl.
0:28 of 3rd period - Stopped by Alexandar Georgiev without a rebound.
0:29 of 3rd period - Leon Draisaitl wins face-off versus Evgeni Malkin in ARIZONA zone.
0:38 of 3rd period - Shot by Artemi Panarin.
0:38 of 3rd period - Stopped by Alexandar Georgiev with a rebound.
0:59 of 3rd period - Shot by Bryan Little.
0:59 of 3rd period - Stopped by Craig Anderson without a rebound.
1:00 of 3rd period - Bo Horvat wins face-off versus Mikael Backlund in NEW YORK R zone.
1:15 of 3rd period - Shot by Zack Kassian.
1:15 of 3rd period - Stopped by Craig Anderson without a rebound.
1:16 of 3rd period - Jean-Gabriel Pageau wins face-off versus Nico Hischier in NEW YORK R zone.
1:32 of 3rd period - Icing by Mike Matheson.
1:33 of 3rd period - Nico Hischier wins face-off versus Evgeni Malkin in NEW YORK R zone.
1:52 of 3rd period - Gabriel Landeskog is hit by Jake DeBrusk and loses puck.
2:05 of 3rd period - Shot by Bryan Little.
2:05 of 3rd period - Deflect By Evgeni Malkin.
2:05 of 3rd period - Shot Misses the Net.
2:56 of 3rd period - Shot by Artemi Panarin.
2:56 of 3rd period - Stopped by Alexandar Georgiev without a rebound.
2:57 of 3rd period - Jean-Gabriel Pageau wins face-off versus Bo Horvat in ARIZONA zone.
4:04 of 3rd period - Icing by Thomas Chabot.
4:05 of 3rd period - Evgeni Malkin wins face-off versus Leon Draisaitl in ARIZONA zone.
4:20 of 3rd period - Shot by Connor Brown.
4:20 of 3rd period - Shot Misses the Net.
5:12 of 3rd period - Icing by Artemi Panarin.
5:13 of 3rd period - Riley Sheahan wins face-off versus Leon Draisaitl in NEW YORK R zone.
5:38 of 3rd period - Shot by Jake DeBrusk.
5:38 of 3rd period - Deflect By Kailer Yamamoto.
5:38 of 3rd period - Stopped by Alexandar Georgiev without a rebound.
5:39 of 3rd period - Bo Horvat wins face-off versus Mikael Backlund in ARIZONA zone.
6:05 of 3rd period - Icing by Colton Parayko.
6:06 of 3rd period - Evgeni Malkin wins face-off versus Bo Horvat in NEW YORK R zone.
6:17 of 3rd period - Shot by Evgeni Malkin.
6:17 of 3rd period - Stopped by Craig Anderson with a rebound.
6:19 of 3rd period - Shot by Bryan Little.
6:19 of 3rd period - Goal by Bryan Little - NEW YORK R : 3 - ARIZONA : 3.
6:20 of 3rd period - Nico Hischier wins face-off versus Jean-Gabriel Pageau in neutral zone.
6:22 of 3rd period - Off-side.
6:23 of 3rd period - Evgeni Malkin wins face-off versus Nico Hischier in neutral zone.
7:18 of 3rd period - Off-side.
7:19 of 3rd period - Joel Eriksson Ek wins face-off versus Connor Brown in neutral zone.
7:21 of 3rd period - Off-side.
7:22 of 3rd period - Leon Draisaitl wins face-off versus Mikael Backlund in neutral zone.
7:44 of 3rd period - Shot by Zack Kassian.
7:44 of 3rd period - Stopped by Craig Anderson with a rebound.
8:04 of 3rd period - Shot by Artemi Panarin.
8:04 of 3rd period - Shot Misses the Net.
8:45 of 3rd period - Shot by Andrew Cogliano.
8:45 of 3rd period - Deflect By Bo Horvat.
8:45 of 3rd period - Stopped by Alexandar Georgiev without a rebound.
8:46 of 3rd period - Nico Hischier wins face-off versus Joel Eriksson Ek in ARIZONA zone.
8:50 of 3rd period - Minor Penalty to Jake DeBrusk for Hooking.
8:51 of 3rd period - Evgeni Malkin wins face-off versus Leon Draisaitl in NEW YORK R zone.
9:22 of 3rd period - Shot by Evgeni Malkin.
9:22 of 3rd period - Shot Misses the Net.
9:38 of 3rd period - Shot by Jay Bouwmeester.
9:38 of 3rd period - Deflect By Bryan Little.
9:38 of 3rd period - Goal by Bryan Little - NEW YORK R : 3 - ARIZONA : 4.
9:39 of 3rd period - Jean-Gabriel Pageau wins face-off versus Bo Horvat in neutral zone.
9:50 of 3rd period - Shot by Joel Eriksson Ek.
9:50 of 3rd period - Shot Misses the Net.
9:52 of 3rd period - Shot by Jean-Gabriel Pageau.
9:52 of 3rd period - Stopped by Craig Anderson without a rebound.
9:53 of 3rd period - Brad Richardson wins face-off versus Nico Hischier in NEW YORK R zone.
9:56 of 3rd period - Shot by Brad Richardson.
9:56 of 3rd period - Shot Misses the Net.
9:58 of 3rd period - Shot by Henri Jokiharju.
9:58 of 3rd period - Goal by Henri Jokiharju - NEW YORK R : 3 - ARIZONA : 5.
9:59 of 3rd period - Bo Horvat wins face-off versus Jean-Gabriel Pageau in neutral zone.
10:58 of 3rd period - Evgeni Malkin is hit by Artemi Panarin and loses puck.
11:36 of 3rd period - Off-side.
11:37 of 3rd period - Mikael Backlund wins face-off versus Nico Hischier in neutral zone.
11:42 of 3rd period - Shot by Adrian Kempe.
11:42 of 3rd period - Stopped by Craig Anderson with a rebound.
12:03 of 3rd period - Jake DeBrusk is hit by Roman Polak and loses puck.
12:11 of 3rd period - Jake DeBrusk is hit by Roman Polak and loses puck.
12:17 of 3rd period - Nico Hischier is hit by Roman Polak and loses puck.
12:35 of 3rd period - Marc-Edouard Vlasic is hit by Justin Faulk and loses puck.
13:08 of 3rd period - Shot by Nicolas Aube-Kubel.
13:08 of 3rd period - Shot Misses the Net.
13:45 of 3rd period - Shot by Gabriel Landeskog.
13:45 of 3rd period - Deflect By Evgeni Malkin.
13:45 of 3rd period - Shot Misses the Net.
14:57 of 3rd period - Shot by Artemi Panarin.
14:57 of 3rd period - Stopped by Alexandar Georgiev without a rebound.
14:58 of 3rd period - Mikael Backlund wins face-off versus Nico Hischier in ARIZONA zone.
15:23 of 3rd period - Shot by Kailer Yamamoto.
15:23 of 3rd period - Shot Blocked by Justin Faulk.
16:00 of 3rd period - Off-side.
16:01 of 3rd period - Evgeni Malkin wins face-off versus Leon Draisaitl in neutral zone.
16:10 of 3rd period - Shot by Connor Brown.
16:10 of 3rd period - Stopped by Alexandar Georgiev without a rebound.
16:11 of 3rd period - Leon Draisaitl wins face-off versus Jean-Gabriel Pageau in ARIZONA zone.
16:11 of 3rd period - Artemi Panarin is hit by Nick Holden and loses puck.
16:22 of 3rd period - Shot by Artemi Panarin.
16:22 of 3rd period - Stopped by Alexandar Georgiev without a rebound.
16:23 of 3rd period - Evgeni Malkin wins face-off versus Kailer Yamamoto in ARIZONA zone.
16:32 of 3rd period - Shot by Bryan Little.
16:32 of 3rd period - Stopped by Craig Anderson without a rebound.
16:33 of 3rd period - Jean-Gabriel Pageau wins face-off versus Jake DeBrusk in NEW YORK R zone.
16:57 of 3rd period - Off-side.
16:58 of 3rd period - Leon Draisaitl wins face-off versus Gabriel Landeskog in neutral zone.
17:03 of 3rd period - Shot by Artemi Panarin.
17:03 of 3rd period - Shot Misses the Net.
17:05 of 3rd period - Shot by Mike Matheson.
17:05 of 3rd period - Stopped by Alexandar Georgiev without a rebound.
17:06 of 3rd period - Evgeni Malkin wins face-off versus Leon Draisaitl in ARIZONA zone.
17:41 of 3rd period - Shot by Artemi Panarin.
17:41 of 3rd period - Stopped by Alexandar Georgiev with a rebound.
17:43 of 3rd period - Shot by Mike Matheson.
17:43 of 3rd period - Shot Misses the Net.
18:06 of 3rd period - Off-side.
18:07 of 3rd period - Jean-Gabriel Pageau wins face-off versus Nico Hischier in neutral zone.
18:25 of 3rd period - Minor Penalty to Kailer Yamamoto for Slashing.
18:26 of 3rd period - Bryan Little wins face-off versus Leon Draisaitl in NEW YORK R zone.
18:27 of 3rd period - Shot by Henri Jokiharju.
18:27 of 3rd period - Shot Misses the Net.
19:09 of 3rd period - Off-side.
19:10 of 3rd period - Evgeni Malkin wins face-off versus Leon Draisaitl in neutral zone.
Goals for this period are 0 for NEW YORK R vs 3 for ARIZONA.
Shots for this period are 12 for NEW YORK R vs 10 for ARIZONA.